 Dungeon Sprint DCSS version 0.30-a0-347-gf58ed5266c (webtiles) character file.

Game seed: 7199035599720873805

17586 rocky1 the Gnoll Aeon (level 12, -10/157 HPs)
             Began as a Gnoll Warper on Nov 7, 2022.
             Was the Champion of Cheibriados.
             Mangled by Rupert
             ... wielding a +4 great mace of protection
              (32 damage)
             ... in the Dungeon (Sprint VII: "The Pits").
             The game lasted 00:09:44 (4027 turns).

rocky1 the Gnoll Aeon (Gnoll Warper)                Turns: 4027, Time: 00:09:44

Health: -10/157    AC: 22    Str: 30    XL:     12   Next: 49%
Magic:  29/29      EV: 22    Int: 32    God:    Cheibriados [******]
Gold:   37         SH:  0    Dex: 26    Spells: 22/37 levels left

rFire   + + .      SeeInvis .    x - +8 war axe of War {pain, rF++}
rCold   . . .      Faith    .    (no shield)
rNeg    . . .      Spirit   .    q - +4 scale mail
rPois   .          Reflect  .    (no helmet)
rElec   .          Harm     .    r - +0 cloak
rCorr   .          Rampage  .    A - +1 pair of gloves
Will    .....      NoTele   +    p - +0 pair of boots
Stlth   ..........               (no amulet)
HPRegen 0.46/turn                g - +3 ring of strength
MPRegen 0.21/turn                a - +3 ring of protection

@: berserking (expiring), very slow
A: fangs 1, strong nose, distributed training
a: Renounce Religion, Bend Time, Temporal Distortion, Slouch, Step From Time


You were in the Dungeon.
You worshipped Cheibriados.
Cheibriados was exalted by your worship.
You visited 1 branch You collected 37 gold pieces.

Inventory:

Hand Weapons
 b - a +2 halberd of venom
 n - a +1 broad axe of freezing
 o - a +0 vorpal trident
 x - the +8 war axe of War (weapon) {pain, rF++}
   (You found it in the Dungeon)

   In the hands of one skilled in necromantic magic, it inflicts extra damage on
   living creatures.
   rF:        It greatly protects you from fire.
Missiles
 d - 7 boomerangs of dispersal (quivered)
 B - 2 throwing nets
Armour
 p - a +0 pair of boots (worn)
 q - a +4 scale mail (worn)
 r - a +0 cloak (worn)
 A - a +1 pair of gloves (worn)
Jewellery
 a - a +3 ring of protection (right hand)
 g - a +3 ring of strength (left hand)
 y - a ring of protection from fire
 z - a ring of fire
Wands
 C - a wand of charming (3)
Scrolls
 c - 4 scrolls of blinking
 k - 5 scrolls of amnesia
 l - a scroll of summoning
 s - 5 scrolls of enchant weapon
 t - 2 scrolls of identify
 u - a scroll of fog
 v - a scroll of fear
Potions
 e - 11 potions of curing
 f - 16 potions of heal wounds
 h - 4 potions of magic
 j - a potion of invisibility
 m - a potion of mutation
 w - a potion of might


   Skills:
 + Level 13.0 Fighting
 + Level 12.2 Short Blades
 + Level 12.2 Long Blades
 + Level 12.2 Axes
 + Level 12.2 Maces & Flails
 + Level 13.0 Polearms
 + Level 12.2 Staves
 + Level 12.2 Ranged Weapons
 + Level 12.5 Throwing
 + Level 12.5 Armour
 + Level 13.0 Dodging
 + Level 12.2 Stealth
 + Level 12.2 Shields
 + Level 12.2 Unarmed Combat
 + Level 13.2 Spellcasting
 + Level 10.4 Conjurations
 + Level 10.4 Hexes
 + Level 10.4 Summonings
 + Level 10.4 Necromancy
 + Level 11.7 Translocations
 + Level 10.4 Transmutations
 + Level 10.4 Fire Magic
 + Level 10.4 Ice Magic
 + Level 10.4 Air Magic
 + Level 10.4 Earth Magic
 + Level 10.4 Poison Magic
 + Level 13.3 Invocations
 + Level 12.2 Evocations


You had 22 spell levels left.
You knew the following spells:

 Your Spells              Type           Power      Damage    Failure   Level
a - Blink                 Tloc           100%       N/A       1%          2
b - Lesser Beckoning      Tloc           100%       N/A       1%          3
c - Teleport Other        Tloc           77%        N/A       1%          3
d - Vhi's Electric Charg  Tloc/Air       100%       N/A       1%          3
e - Manifold Assault      Tloc           77%        N/A       1%          4

Your spell library contained the following spells:

 Spells                   Type           Power      Damage    Failure   Level


Dungeon Overview and Level Annotations

Branches:
Dungeon (1/1)

Altars:
Ashenzari
Cheibriados
Dithmenos
Elyvilon
Fedhas
Gozag
Hepliaklqana
Kikubaaqudgha
Makhleb
Nemelex Xobeh
Okawaru
Qazlal
Ru
Sif Muna
Trog
Uskayaw
Vehumet
Wu Jian
Xom
Yredelemnul
Zin
The Shining One
Jiyva
Lugonu

Annotations:
D Rupert


Innate Abilities, Weirdness & Mutations

You have very sharp teeth.
Your uncanny sense of smell can sniff out nearby items.
Your experience applies equally to all skills.


Message History

The guardian mummy hits you! Rupert barely misses you.
You can move again.
You slash Rupert!
Rupert is lightly wounded.
You slash the guardian mummy! The guardian mummy hits you!
Rupert roars madly and goes into a rage!
Rupert goes berserk!
You slice Rupert!!
Rupert writhes in agony.
Rupert is moderately wounded.
You closely miss the guardian mummy.
Rupert hits you with a +4 great mace of protection!!
The guardian mummy hits you but does no damage.
You hit Rupert.
Rupert writhes in agony!
Rupert is moderately wounded.
You slash the guardian mummy! Rupert barely misses you.
Rupert hits you with a +4 great mace of protection!!
You slash Rupert!
Rupert writhes in agony.
Rupert is moderately wounded.
You slash the guardian mummy!
The guardian mummy hits you but does no damage.
Rupert hits you with a +4 great mace of protection!
You slash Rupert!
Rupert writhes in agony.
You bite Rupert.
Rupert is moderately wounded.
You closely miss the guardian mummy. Rupert closely misses you.
The guardian mummy misses you.
You slice Rupert!!
Rupert writhes in agony!
You punch Rupert!
Rupert is heavily wounded.
You slash the guardian mummy!
Rupert hits you with a +4 great mace of protection!!
* * * LOW HITPOINT WARNING * * *
The guardian mummy misses you. Rupert hits you but does no damage.
You slash Rupert! You punch Rupert, but do no damage.
Rupert is heavily wounded.
You slash the guardian mummy!
You destroy the guardian mummy!
Cheibriados appreciates the change of pace.
You feel extremely nervous for a moment...
You feel homesick.
Rupert hits you with a +4 great mace of protection!!
You die...

∆ ∆ ∆∆∆∆ ∆ ∆∆∆∆ ∆
########################
........................
................@@......
##########++############
∆∆ ∆∆∆∆ ∆∆∆∆ ∆∆ ∆ ∆∆ ∆∆
∆


You could see Rupert (berserk).

Vanquished Creatures
  Josephine (D)
  Harold (D)
  2 great orbs of eyes (D)
  Erolcha (D)
  A boulder beetle (D)
  A shadow wraith (D)
  A sixfirhy (D)
  3 sea snakes (D)
  A flayed ghost (D)
  A lindwurm (D)
  Pikel (D)
  A deep elf zephyrmancer (D)
  A phantasmal warrior (D)
  A cyclops (D)
  An elephant (D)
  2 molten gargoyles (D)
  An eye of devastation (D)
  2 cane toads (D)
  A demonic crawler (D)
  A guardian mummy (D)
  2 freezing wraiths (D)
  A komodo dragon (D)
  A red devil (D)
  A polar bear (D)
  5 slime creatures (D)
  8 dream sheep (D)
  2 flying skulls (D)
  A ynoxinul (D)
  4 wraiths (D)
  A basilisk (D)
  A spriggan (D)
  3 yaks (D)
  A redback (D)
  2 water moccasins (D)
  2 floating eyes (D)
  3 sky beasts (D)
  3 lemures (D)
  A kobold brigand (D)
  4 killer bees (D)
  A quasit (D)
  A hound (D)
  An iron imp (D)
  An orc wizard (D)
  A small abomination (D)
  A mummy (D)
  A gnoll (D)
  3 river rats (D)
  3 orcs (D)
  A ball python (D)
  An endoplasm (D)
  A hobgoblin (D)
  2 jackals (D)
  2 quokkas (D)
  A ball python skeleton (D)
  2 bats (D)
  2 frilled lizards (D)
  2 kobolds (D)
98 creatures vanquished.

Notes
Turn   | Place    | Note
-------+----------+-------------------------------------------
     0 | D        | rocky1 the Gnoll Warper began the quest for the Orb.
     0 | D        | Reached XP level 1. HP: 20/20 MP: 6/6
    48 | D        | Found a bloodstained altar of Trog.
    48 | D        | Found a shimmering blue altar of Sif Muna.
    48 | D        | Found a viscous altar of Jiyva.
    48 | D        | Found a hazy altar of Hepliaklqana.
    48 | D        | Found an opulent altar of Gozag.
    49 | D        | Found a glowing golden altar of the Shining One.
    49 | D        | Found a glowing silver altar of Zin.
    49 | D        | Found a basalt altar of Yredelemnul.
    49 | D        | Found a shimmering altar of Xom.
    49 | D        | Found an ornate altar of the Wu Jian Council.
    49 | D        | Found a sacrificial altar of Ru.
    49 | D        | Found a stormy altar of Qazlal.
    49 | D        | Found an iron altar of Okawaru.
    49 | D        | Found a sparkling altar of Nemelex Xobeh.
    49 | D        | Found a burning altar of Makhleb.
    49 | D        | Found a blossoming altar of Fedhas.
    49 | D        | Found a white marble altar of Elyvilon.
    49 | D        | Found a shadowy altar of Dithmenos.
    49 | D        | Found a snail-covered altar of Cheibriados.
    53 | D        | Found a corrupted altar of Lugonu.
    53 | D        | Found a radiant altar of Vehumet.
    54 | D        | Found a broken altar of Ashenzari.
    54 | D        | Found an ancient bone altar of Kikubaaqudgha.
    54 | D        | Found a hide-covered altar of Uskayaw.
    60 | D        | Became a worshipper of Cheibriados the Contemplative
    81 | D        | Reached * piety under Cheibriados
    82 | D        | Reached skill level 1 in Short Blades
    82 | D        | Reached skill level 1 in Long Blades
    82 | D        | Reached skill level 1 in Axes
    82 | D        | Reached skill level 1 in Maces & Flails
    82 | D        | Reached skill level 1 in Staves
    82 | D        | Reached skill level 1 in Ranged Weapons
    82 | D        | Reached skill level 1 in Stealth
    82 | D        | Reached skill level 1 in Shields
    82 | D        | Reached skill level 1 in Unarmed Combat
    82 | D        | Reached skill level 5 in Spellcasting
    82 | D        | Reached skill level 1 in Conjurations
    82 | D        | Reached skill level 1 in Hexes
    82 | D        | Reached skill level 1 in Summonings
    82 | D        | Reached skill level 1 in Necromancy
    82 | D        | Reached skill level 1 in Transmutations
    82 | D        | Reached skill level 1 in Fire Magic
    82 | D        | Reached skill level 1 in Ice Magic
    82 | D        | Reached skill level 1 in Air Magic
    82 | D        | Reached skill level 1 in Earth Magic
    82 | D        | Reached skill level 1 in Poison Magic
    82 | D        | Reached skill level 1 in Invocations
    82 | D        | Reached skill level 1 in Evocations
    82 | D        | Reached XP level 2. HP: 26/26 MP: 8/8
    88 | D        | Reached ** piety under Cheibriados
   101 | D        | Reached *** piety under Cheibriados
   102 | D        | Reached XP level 3. HP: 5/32 MP: 9/9
   329 | D        | Learned a level 2 spell: Blink
   333 | D        | Learned a level 3 spell: Lesser Beckoning
   337 | D        | Learned a level 3 spell: Teleport Other
   341 | D        | Learned a level 3 spell: Vhi's Electric Charge
   352 | D        | Noticed a flying skull
   352 | D        | Noticed a sky beast
   357 | D        | Killed a sky beast
   357 | D        | Reached **** piety under Cheibriados
   358 | D        | Reached skill level 5 in Fighting
   358 | D        | Reached skill level 5 in Polearms
   358 | D        | Reached skill level 5 in Dodging
   358 | D        | Reached XP level 4. HP: 40/40 MP: 10/12
   358 | D        | Reached XP level 5. HP: 46/46 MP: 10/13
   365 | D        | Killed a flying skull
   366 | D        | Reached skill level 5 in Throwing
   366 | D        | Reached skill level 5 in Armour
   366 | D        | Reached skill level 5 in Invocations
   366 | D        | Reached XP level 6. HP: 35/53 MP: 11/15
   366 | D        | Reached ***** piety under Cheibriados
   421 | D        | Noticed a flying skull
   434 | D        | Killed a flying skull
   435 | D        | Reached skill level 5 in Short Blades
   435 | D        | Reached skill level 5 in Long Blades
   435 | D        | Reached skill level 5 in Axes
   435 | D        | Reached skill level 5 in Maces & Flails
   435 | D        | Reached skill level 5 in Staves
   435 | D        | Reached skill level 5 in Ranged Weapons
   435 | D        | Reached skill level 5 in Stealth
   435 | D        | Reached skill level 5 in Shields
   435 | D        | Reached skill level 5 in Unarmed Combat
   435 | D        | Reached skill level 5 in Evocations
   435 | D        | Reached XP level 7. HP: 42/60 MP: 15/17
   615 | D        | Learned a level 4 spell: Manifold Assault
   720 | D        | Noticed a wraith
   724 | D        | Killed a wraith
   736 | D        | Reached ****** piety under Cheibriados
   743 | D        | Reached skill level 5 in Conjurations
   743 | D        | Reached skill level 5 in Hexes
   743 | D        | Reached skill level 5 in Summonings
   743 | D        | Reached skill level 5 in Necromancy
   743 | D        | Reached skill level 5 in Transmutations
   743 | D        | Reached skill level 5 in Fire Magic
   743 | D        | Reached skill level 5 in Ice Magic
   743 | D        | Reached skill level 5 in Air Magic
   743 | D        | Reached skill level 5 in Earth Magic
   743 | D        | Reached skill level 5 in Poison Magic
   764 | D        | Noticed an elephant
   764 | D        | Noticed a deep elf zephyrmancer
   775 | D        | Reached XP level 8. HP: 48/68 MP: 3/20
   782 | D        | Killed an elephant
   789 | D        | Killed a deep elf zephyrmancer
  1094 | D        | Noticed a komodo dragon
  1106 | D        | Killed a komodo dragon
  1107 | D        | Reached XP level 9. HP: 75/75 MP: 20/22
  1255 | D        | Killed a shadow wraith
  1368 | D        | Noticed a flayed ghost
  1375 | D        | Killed a flayed ghost
  1462 | D        | Noticed a polar bear
  1462 | D        | Noticed a sea snake
  1472 | D        | Killed a polar bear
  1473 | D        | Reached skill level 10 in Spellcasting
  1477 | D        | Killed a sea snake
  1478 | D        | Reached skill level 10 in Fighting
  1478 | D        | Reached skill level 10 in Polearms
  1478 | D        | Reached skill level 10 in Dodging
  1478 | D        | Reached XP level 10. HP: 53/85 MP: 22/24
  1595 | D        | HP: 4/85 [yak (9)]
  1596 | D        | Reached skill level 10 in Invocations
  1869 | D        | Noticed a molten gargoyle
  1871 | D        | Noticed a sea snake
  1873 | D        | Killed a molten gargoyle
  1874 | D        | Reached skill level 10 in Throwing
  1874 | D        | Reached skill level 10 in Armour
  1878 | D        | Killed a sea snake
  1879 | D        | Reached skill level 10 in Translocations
  1880 | D        | Reached skill level 10 in Short Blades
  1880 | D        | Reached skill level 10 in Long Blades
  1880 | D        | Reached skill level 10 in Axes
  1880 | D        | Reached skill level 10 in Maces & Flails
  1880 | D        | Reached skill level 10 in Staves
  1880 | D        | Reached skill level 10 in Ranged Weapons
  1880 | D        | Reached skill level 10 in Stealth
  1880 | D        | Reached skill level 10 in Shields
  1880 | D        | Reached skill level 10 in Unarmed Combat
  1880 | D        | Reached skill level 10 in Evocations
  1880 | D        | Reached XP level 11. HP: 51/93 MP: 10/26
  2184 | D        | Noticed Pikel
  2186 | D        | Noticed Josephine
  2188 | D        | Killed Pikel
  2192 | D        | Killed Josephine
  2367 | D        | Noticed a cyclops
  2371 | D        | Killed a cyclops
  2395 | D        | Noticed a great orb of eyes
  2400 | D        | Killed a great orb of eyes
  2517 | D        | Noticed Erolcha
  2523 | D        | Killed Erolcha
  2694 | D        | Noticed a great orb of eyes
  2705 | D        | Paralysed by a great orb of eyes for 4 turns
  2713 | D        | Paralysed by a great orb of eyes for 5 turns
  2717 | D        | Noticed a lindwurm
  2718 | D        | Killed a great orb of eyes
  2766 | D        | Killed a lindwurm
  2767 | D        | Reached XP level 12. HP: 62/103 MP: 22/28
  2932 | D        | HP: 5/103 [poisoned by a redback]
  3521 | D        | Got the +8 war axe of War {pain, rF++}
  3607 | D        | Noticed Harold
  3627 | D        | Killed Harold
  3628 | D        | Reached skill level 10 in Conjurations
  3628 | D        | Reached skill level 10 in Hexes
  3628 | D        | Reached skill level 10 in Summonings
  3628 | D        | Reached skill level 10 in Necromancy
  3628 | D        | Reached skill level 10 in Transmutations
  3628 | D        | Reached skill level 10 in Fire Magic
  3628 | D        | Reached skill level 10 in Ice Magic
  3628 | D        | Reached skill level 10 in Air Magic
  3628 | D        | Reached skill level 10 in Earth Magic
  3628 | D        | Reached skill level 10 in Poison Magic
  3835 | D        | Noticed a boulder beetle
  3861 | D        | Killed a boulder beetle
  3980 | D        | Noticed a four-headed hydra
  3980 | D        | Noticed a four-headed hydra
  3980 | D        | Noticed a deep elf annihilator
  3980 | D        | Noticed a green death
  3980 | D        | Noticed a centaur warrior
  3980 | D        | Noticed a merfolk avatar
  4012 | D        | Noticed Rupert
  4018 | D        | Paralysed by Rupert for 3 turns
  4027 | D        | Mangled by Rupert

Illustrated notes

Levels and vault maps discovered:
D:        pitsprint [storerooms_1, entrance_room_1, metal_vault_8, armoury_1,
          mini_pit_1, grid_room_1, main_hall_1, silver_pit, the_coven_2,
          the_vestibule_1, steel_vault_3, golden_pit, hallway_of_sentries,
          crystal_vault_5, iron_vault_2, final_vault]

Skill      XL: |  1  2  3  4  5  6  7  8  9 10 11 12 |
---------------+-------------------------------------+-----
Short Blades   | 1 3 4 5 6 7 8 10 11 12 | 12.2
Long Blades    | 1 3 4 5 6 7 8 10 11 12 | 12.2
Axes           | 1 3 4 5 6 7 8 10 11 12 | 12.2
Maces & Flails | 1 3 4 5 6 7 8 10 11 12 | 12.2
Staves         | 1 3 4 5 6 7 8 10 11 12 | 12.2
Ranged Weapons | 1 3 4 5 6 7 8 10 11 12 | 12.2
Stealth        | 1 3 4 5 6 7 8 10 11 12 | 12.2
Shields        | 1 3 4 5 6 7 8 10 11 12 | 12.2
Unarmed Combat | 1 3 4 5 6 7 8 10 11 12 | 12.2
Spellcasting   | 5 6 7 8 9 10 11 12 13 | 13.2
Conjurations   | 1 2 3 4 5 6 7 8 9 10 | 10.4
Hexes          | 1 2 3 4 5 6 7 8 9 10 | 10.4
Summonings     | 1 2 3 4 5 6 7 8 9 10 | 10.4
Necromancy     | 1 2 3 4 5 6 7 8 9 10 | 10.4
Transmutations | 1 2 3 4 5 6 7 8 9 10 | 10.4
Fire Magic     | 1 2 3 4 5 6 7 8 9 10 | 10.4
Ice Magic      | 1 2 3 4 5 6 7 8 9 10 | 10.4
Air Magic      | 1 2 3 4 5 6 7 8 9 10 | 10.4
Earth Magic    | 1 2 3 4 5 6 7 8 9 10 | 10.4
Poison Magic   | 1 2 3 4 5 6 7 8 9 10 | 10.4
Invocations    | 1 2 3 5 6 8 9 10 12 13 | 13.3
Evocations     | 1 3 4 5 6 7 8 10 11 12 | 12.2
Throwing       | 3 4 5 6 8 9 10 11 12 | 12.5
Armour         | 3 4 5 6 8 9 10 11 12 | 12.5
Fighting       | 5 6 7 8 10 11 12 13 | 13.0
Polearms       | 5 6 7 8 10 11 12 13 | 13.0
Dodging        | 5 6 7 8 10 11 12 13 | 13.0
Translocations | 6 7 8 9 10 11 | 11.7

Action                   |  1- 3 |  4- 6 |  7- 9 | 10-12 || total
-------------------------+-------+-------+-------+-------++-------
Melee: Spear             |     3 |       |       |       ||     3
       Trident           |    16 |    25 |    55 |       ||    96
       Bite              |     1 |     4 |    11 |    20 ||    36
       Halberd           |       |       |    43 |   118 ||   161
       War axe           |       |       |       |    51 ||    51
       Punch             |       |       |       |     8 ||     8
 Cast: Manifold Assault  |       |       |     4 |     3 ||     7
Invok: Slouch            |       |       |     1 |    12 ||    13
  Use: Potion            |     2 |       |     2 |     3 ||     7
 Stab: Sleeping          |     4 |       |     1 |     4 ||     9
       Invisible         |       |       |     5 |       ||     5
       Distracted        |       |       |       |     1 ||     1
Armor: Leather armour    |     2 |       |       |       ||     2
       Chain mail        |     3 |    13 |    22 |       ||    38
       Scale mail        |       |       |    18 |    52 ||    70
Dodge: Dodged            |     7 |    11 |    65 |   151 ||   234

Table legend: (Time is in decaauts)
 A = Elapsed time spent in this place.
 B = Non-inter-level travel time spent in this place.
 C = Inter-level travel time spent in this place.
 D = Time resting spent in this place.
 E = Time spent auto-exploring this place.
 F = Levels seen in this place.
 G = Mean time per level.
                   A        B        C        D        E       F      G
               +--------+--------+--------+--------+--------+-----+--------+
         Total |   4538 |   4418 |    120 |   3048 |      0 |   1 | 4538.0 |
       Dungeon |   4538 |   4418 |    120 |   3048 |      0 |   1 | 4538.0 |
               +--------+--------+--------+--------+--------+-----+--------+

Top non-repeatable levels by time:
       D: 4538 daAuts
